 Dungeon Crawl Stone Soup version 0.21-a0-264-g3e31e41 (webtiles) character file.

214 tidbits the Grave Robber (level 5, -1/38 HPs)
             Began as a Draconian Necromancer on Sept 8, 2017.
             Slain by a phantom (6 damage)
             ... on level 4 of the Dungeon.
             The game lasted 00:09:58 (1100 turns).

tidbits the Grave Robber (Draconian Necromancer)    Turns: 1100, Time: 00:09:58

Health: -1/38      AC:  6    Str: 11    XL:     5   Next: 60%
Magic:  3/10       EV: 12    Int: 16    God:
Gold:   113        SH:  0    Dex: 11    Spells: 5/10 levels left

rFire    . . .     SeeInvis .   a - +1 dagger (venom)
rCold    . . .     Gourm    .   (no shield)
rNeg     . . .     Faith    .   (armour unavailable)
rPois    .         Spirit   .   (helmet restricted)
rElec    .         Reflect  .   (no cloak)
rCorr    .         Harm     .   G - +0 pair of gloves
MR       .....                  (no boots)
Stlth    ++........             (no amulet)
HPRegen  0.12/turn              (no ring)
MPRegen  0.12/turn              (no ring)

@: no status effects
A: unfitting armour, cold-blooded, AC +5
a: no special abilities


You were on level 4 of the Dungeon.
You were not hungry.

You visited 1 branch of the dungeon, and saw 4 of its levels.

You collected 113 gold pieces.

Inventory:

Hand Weapons
 a - a +1 dagger of venom (weapon)
   (You took it off a kobold on level 2 of the Dungeon)
 h - a +0 club
 n - a +0 short sword
 u - a +2 falchion of freezing
   (You took it off an orc on level 3 of the Dungeon)
Missiles
 s - 2 curare-tipped needles
 y - 15 arrows
Armour
 x - a +3 ring mail
 G - a +0 pair of gloves (worn)
Scrolls
 k - a scroll of amnesia {unknown}
 m - a scroll of fog {unknown}
 r - a scroll of recharging {unknown}
 w - a scroll of teleportation {unknown}
Potions
 e - a potion of invisibility
 g - a potion of might
 i - 2 potions of heal wounds
 j - a potion of agility
 l - a potion of brilliance
 p - a potion of curing
 t - a potion of magic {unknown}
 v - 2 potions of degeneration {unknown}
 z - a potion of flight {unknown}
Books
 c - a book of Necromancy

   Spells                             Type                      Level
   a - Pain                           Necromancy                   1
   b - Animate Skeleton               Necromancy                   1
   c - Vampiric Draining              Necromancy                   3
   d - Regeneration                   Charms/Necromancy            3
   e - Animate Dead                   Necromancy                   4
   f - Control Undead                 Necromancy                   4
Comestibles
 b - 3 bread rations
 d - a royal jelly
 f - 5 chunks of flesh
 o - a meat ration
 q - 3 fruits


   Skills:
 - Level 1.7 Dodging
 - Level 1.7 Stealth
 + Level 3.3 Spellcasting
 * Level 6.2 Necromancy


You had 5 spell levels left.
You knew the following spells:

 Your Spells              Type           Power        Failure   Level  Hunger
n - Animate Skeleton      Necr           N/A          1%          1    None
v - Vampiric Draining     Necr           ###.......   4%          3    ###....
z - Pain                  Necr           ###.         1%          1    None


Dungeon Overview and Level Annotations

Branches:
Dungeon (4/15)
 Temple: D:4-7

Altars:
Ru


Innate Abilities, Weirdness & Mutations

Your plain brown scales are hard. (AC +5)
You cannot fit into any form of body armour.
You are cold-blooded and may be slowed by cold attacks.


Message History

You hit the worker ant.
The worker ant is poisoned.
The worker ant is severely wounded.
You feel sick.
Your orc skeleton closely misses the worker ant.
The worker ant bites you!
You are more poisoned.
The worker ant poisons you!
You hit the worker ant.
You kill the worker ant!
You have reached level 5!
You feel sick.
You swap places.
You feel sick.
You see here a bullfrog corpse.
Casting: Pain
Confirm with . or Enter, or press ? or * to list all spells.
You attempt to give life to the dead...
Before your eyes, flesh is ripped from the corpse!
The dead are hopping!
You hear the rusting of a distant drain.
You feel sick.
f - 8 chunks of flesh (gained 1)
You feel sick.
Unknown command.
You swap places.
You feel sick.
You feel sick.
Found 9 gold pieces.
z - a green potion You feel sick.
You feel sick.
You feel sick.
You feel sick.
You now have 113 gold pieces (gained 9).
You feel sick.
Okay, then.
Unknown command.
Okay, then.
You feel sick.
You swap places.
You feel sick.
You feel sick.
You feel sick.
Found a bread ration.
A phantom comes into view.
You feel sick.
b - 3 bread rations (gained 1)
You feel sick.
You are no longer poisoned.
Found 8 gold pieces.
A leopard gecko skeleton comes into view.
A bullfrog comes into view.
Found 8 gold pieces.
Casting: Animate Skeleton
Confirm with . or Enter, or press ? or * to list all spells.
Aiming: Pain
Press: ? - help, Shift-Dir - straight line, f - bullfrog
Aim: a bullfrog (chance to defeat MR: 80%)
The bullfrog writhes in agony!
Some of the chunks of flesh in your inventory have rotted away.
Found 23 arrows.
You closely miss the bullfrog.
The bullfrog is moderately wounded.
The bullfrog barely misses you.
Your bullfrog skeleton barely misses the bullfrog.
The bullfrog hits you.
* * * LOW HITPOINT WARNING * * *
Casting: Pain
Confirm with . or Enter, or press ? or * to list all spells.
Aiming: Vampiric Draining
Press: ? - help, Shift-Dir - straight line, f/p - bullfrog
Aim: a bullfrog (moderately wounded)
The bullfrog is almost dead.
You feel life coursing into your body.
Your bullfrog skeleton hits the bullfrog.
The bullfrog misses you.
Your bullfrog skeleton closely misses the bullfrog.
Your orc skeleton hits the bullfrog.
The bullfrog dies!
Your Necromancy skill increases to level 6!
What are your orders? t - Shout!
Orders for allies: a - Attack new target. r - Retreat! s - Stop attacking. g - Guard the area. f - Follow me.
Anything else - Cancel.
Gang up on whom?
Press: ? - help, Dir - move target cursor, f - leopard gecko skeleton
Aim: a leopard gecko skeleton Attack!
You hear the rusting of a drain.
Your bullfrog skeleton hits the leopard gecko skeleton.
The leopard gecko skeleton bites your orc skeleton but does no damage.
Your bullfrog skeleton hits the leopard gecko skeleton.
The leopard gecko skeleton is destroyed!
You swap places.
The phantom hits you!
* * * LOW HITPOINT WARNING * * *
The phantom hits your orc skeleton but does no damage.
Your bullfrog skeleton barely misses the phantom.
Your orc skeleton misses the phantom.
The phantom blinks!
The phantom hits you.
You die...

. #...###..#### .#
#...##............
..#####.................
...................###..
. ...................#
##.
.....................#
##
...........#.....<...# #
...(....W..#######...#
..... #..@.#### ###..# #
..$...#ZZ.....### #..# #
......$.........##
##..###
#.....ยง####.###..#
...#. ##...'# ### #..#
..... ##..# #..###..####
#.. #Z.....# # #..' ###
#.#...## # #
...####.###....##


You could see a phantom, a friendly bullfrog skeleton and a friendly orc
skeleton.

Vanquished Creatures
  A bullfrog (D:4)
  A worker ant (D:4)
  An adder (D:2)
  An ooze (D:1)
  A dart slug (D:2)
  2 leopard geckos
  7 orcs
  A giant cockroach (D:3)
  3 hobgoblins
  4 jackals (D:2)
  2 quokkas (D:3)
  2 ball pythons (D:3)
  4 bats
  5 frilled lizards
  3 goblins
  4 kobolds
  5 rats
47 creatures vanquished.

Vanquished Creatures (collateral kills)
  A bullfrog (D:4)
  A leopard gecko skeleton (D:4)
2 creatures vanquished.

Grand Total: 49 creatures vanquished

Notes
Turn   | Place    | Note
-------+----------+-------------------------------------------
     0 | D:1      | tidbits the Draconian Necromancer began the quest for the Orb.
     0 | D:1      | Reached XP level 1. HP: 14/14 MP: 3/3
   134 | D:1      | Reached XP level 2. HP: 13/20 MP: 0/5
   307 | D:2      | Learned a level 1 spell: Animate Skeleton
   390 | D:1      | Reached XP level 3. HP: 6/26 MP: 0/6
   395 | D:1      | Learned a level 3 spell: Vampiric Draining
   574 | D:2      | Found a sacrificial altar of Ru.
   780 | D:3      | Reached skill level 5 in Necromancy
   974 | D:4      | Reached XP level 4. HP: 24/33 MP: 4/8
  1025 | D:4      | Noticed a bullfrog
  1033 | D:4      | Killed a bullfrog
  1033 | D:4      | Reached skill level 3 in Spellcasting
  1038 | D:4      | Reached XP level 5. HP: 20/38 MP: 1/9
  1067 | D:4      | Noticed a phantom
  1090 | D:4      | Reached skill level 6 in Necromancy
  1100 | D:4      | Slain by a phantom

Vault maps used:
D:1:      dpeg_arrival_round_c
D:2:      nicolae_ru_awakened_eye, uniq_robin, uniq_crazy_yiuf_cottage
D:3:      first_bread
D:4:      nicolae_gozag_cash_rules_everything_around_me,
          gammafunk_temple_overflow_wave, gup_sewer_entry_bowl

Skill      XL: |  1  2  3  4  5 |
---------------+----------------+-----
Necromancy     | 5 6 |  6.2
Spellcasting   | 3 |  3.3
Dodging        | |  1.7
Stealth        | |  1.7

Action                   |  1- 3 |  4- 6 || total
-------------------------+-------+-------++-------
Melee: Club              |    10 |       ||    10
       Short sword       |    30 |       ||    30
       Tailslap          |     3 |     1 ||     4
       Dagger            |    32 |     8 ||    40
 Cast: Pain              |    36 |     3 ||    39
       Animate Skeleton  |     7 |     2 ||     9
       Vampiric Draining |     4 |     3 ||     7
  Use: Scroll            |     4 |       ||     4
       Potion            |     1 |       ||     1
 Stab: Sleeping          |     2 |       ||     2
  Eat: Chunk             |     1 |     1 ||     2
Armor: Skin              |    23 |     2 ||    25
Dodge: Dodged            |    74 |     6 ||    80

Table legend:
 A = Spawn XP
 B = Non-spawn XP
 C = Spawn XP percentage of total XP
 D = Spawn monster count
 E = Non-spawn monster count
 F = Spawn count percentage of total count
 G = Total turns spent on level
                    A         B        C        D         E        F      G
               +---------+---------+-------+---------+---------+-------+---------
         Total |       0 |     307 |   0.0 |       0 |      49 |   0.0 |  1100
               +---------+---------+-------+---------+---------+-------+---------
           D:1 |       0 |      25 |   0.0 |       0 |      14 |   0.0 |   496
           D:2 |       0 |      36 |   0.0 |       0 |      14 |   0.0 |   203
           D:3 |       0 |      24 |   0.0 |       0 |      13 |   0.0 |   189
           D:4 |       0 |     222 |   0.0 |       0 |       8 |   0.0 |   212
               +---------+---------+-------+---------+---------+-------+---------

Table legend:
 A = Turns spent in this place as a percentage of turns spent in the entire game.
 B = Non-inter-level travel turns spent in this place as a percentage of non-inter-level travel turns spent in the entire game.
 C = Inter-level travel turns spent in this place as a percentage of turns spent in this place.
 D = Turns resting spent in this place as a percentage of non-inter-level travel turns spent in this place.
 E = Turns spent auto-exploring this place as a percentage of non-inter-level travel turns spent in this place.
 F = Non-inter-level travel turns spent in this place divided by the number of levels of this place that you've seen.
                   A       B       C       D       E      F
               +-------+-------+-------+-------+-------+----------------------
         Total | 100.0 | 100.0 |   6.0 |   0.0 |   0.0 | 258.5
       Dungeon | 100.0 | 100.0 |   6.0 |   0.0 |   0.0 | 258.5
               +-------+-------+-------+-------+-------+----------------------

Table legend:
 A = Kills in this place as a percentage of kills in entire the game.
 B = Kills by you in this place as a percentage of kills by you in the entire game.
 C = Kills by friends in this place as a percentage of kills by friends in the entire game.
 D = Other kills in this place as a percentage of other kills in the entire game.
 E = Experience gained in this place as a percentage of experience gained in the entire game.
 F = Experience gained in this place divided by the number of levels of this place that you have seen.
                   A       B       C       D       E      F
               +-------+-------+-------+-------+-------+----------------------
         Total | 100.0 | 100.0 | 100.0 |   N/A | 100.0 |  76.8
       Dungeon | 100.0 | 100.0 | 100.0 |   N/A | 100.0 |  76.8
               +-------+-------+-------+-------+-------+----------------------

Vault maps used:
D:1:      dpeg_arrival_round_c
D:2:      nicolae_ru_awakened_eye, uniq_robin, uniq_crazy_yiuf_cottage
D:3:      first_bread
D:4:      nicolae_gozag_cash_rules_everything_around_me,
          gammafunk_temple_overflow_wave, gup_sewer_entry_bowl
